 Dungeon Crawl Stone Soup version 0.30-a0-462-gd5975efbca (webtiles) character file.

Game seed: 16158144523253264889

24 Mitcholas the Chopper (level 3, -6/33 HPs)
             Began as a Hill Orc Monk on Dec 16, 2022.
             Mangled by Terence
             ... wielding a +0 flail
              (7 damage)
             ... on level 2 of the Dungeon.
             The game lasted 00:02:02 (694 turns).

Mitcholas the Chopper (Hill Orc Monk)                Turns: 694, Time: 00:02:02

Health: -6/33      AC:  8    Str: 15    XL:     3   Next: 2%
Magic:  3/3        EV:  7    Int: 10    God:
Gold:   36         SH:  0    Dex: 13    Spells: 2/2 levels left

rFire   . . .      SeeInvis .    a - +0 hand axe
rCold   . . .      Faith    .    (no shield)
rNeg    . . .      Spirit   .    g - +0 chain mail
rPois   .          Reflect  .    (no helmet)
rElec   .          Harm     .    (no cloak)
rCorr   .          Rampage  .    (no gloves)
Will    +....                    (no boots)
Stlth   ..........               (no amulet)
HPRegen 0.25/turn                f - ring of willpower
MPRegen 0.08/turn                (no ring)

@: no status effects
A: no striking features
a: no special abilities


You were on level 2 of the Dungeon.
You visited 1 branch of the dungeon, and saw 2 of its levels.

You collected 36 gold pieces.

Inventory:

Hand Weapons
 a - a +0 hand axe (weapon)
Armour
 g - a +0 chain mail (worn)
Jewellery
 f - a ring of willpower (left hand)
Scrolls
 e - a scroll of identify
Potions
 b - a potion of brilliance
 c - a potion of ambrosia
 h - a potion of haste


   Skills:
 + Level 4.0 Fighting
 * Level 4.8 Axes
 + Level 1.1 Armour
 - Level 2.4 Dodging
 - Level 1.5 Stealth


You had 2 spell levels left.
You didn't know any spells.
Your spell library was empty.

Dungeon Overview and Level Annotations

Branches:
Dungeon (2/15)

Altars:

Annotations:
D:2 Terence


Message History

Terence is lightly wounded.
Terence hits you with a +0 flail.
You hit Terence but do no damage.
Terence is lightly wounded.
Terence closely misses you.
You hit Terence but do no damage.
Terence is lightly wounded.
Terence hits you with a +0 flail.
You hit Terence but do no damage.
Terence is lightly wounded.
Terence barely misses you.
You hit Terence but do no damage.
Terence is lightly wounded.
Terence closely misses you. Terence hits you but does no damage.
You hit Terence but do no damage.
Terence is lightly wounded.
Terence hits you with a +0 flail!
* * * LOW HITPOINT WARNING * * *
You hit Terence.
Terence is lightly wounded.
Terence hits you with a +0 flail.
* * * LOW HITPOINT WARNING * * *
You hit Terence.
Terence is moderately wounded.
Terence hits you with a +0 flail.
* * * LOW HITPOINT WARNING * * *
You hit Terence but do no damage.
Terence is moderately wounded.
Terence completely misses you.
You hit Terence.
Terence is heavily wounded.
Terence hits you with a +0 flail.
* * * LOW HITPOINT WARNING * * *
You closely miss Terence.
Terence is heavily wounded.
Terence hits you but does no damage.
You hit Terence.
Terence is heavily wounded.
Terence hits you with a +0 flail!
You die...

*,**,,* #.#,,,,* *,**,,*
#.#,,,** *,,*,,* ##.#,,**
**,*,,* #..###### *,,,,,*
#.....).##### ***,,,*
#.#.........#
***,,****#######....##.###.#
*,*,,,,,,......@.#.......#.#
,,*,***,*..#####@##..#.#[#.#
,,*,* *,*******#.#...#.....#
,,*,* *,**,,,,*#.#.......#.#
*,*,***,*,,,,,,#.######....#
***,**,,**,,,,*#.#*#.#####.#
***,**,,*******#.#*...* #<#
,,,,**,***,**,*#.##...# #.#
******,* *,**,*...#P..# #.#
*,* *,**,,,,,#.P.#**#.#


You could see Terence.

Vanquished Creatures
  2 bats (D:1)
  An endoplasm (D:1)
  2 giant cockroaches (D:1)
  A goblin (D:1)
  4 hobgoblins (D:1)
  2 kobolds (D:1)
  A quokka (D:1)
  5 ball pythons
  3 frilled lizards (D:1)
  2 rats (D:1)
23 creatures vanquished.

Notes
Turn   | Place    | Note
-------+----------+-------------------------------------------
     0 | D:1      | Mitcholas the Hill Orc Monk began the quest for the Orb.
     0 | D:1      | Reached XP level 1. HP: 19/19 MP: 1/1
   178 | D:1      | Reached XP level 2. HP: 21/27 MP: 2/2
   357 | D:1      | Reached skill level 1 in Armour
   514 | D:1      | Reached XP level 3. HP: 33/33 MP: 3/3
   664 | D:2      | Noticed Terence
   690 | D:2      | HP: 1/33 [Terence/+0 flail (1)]
   694 | D:2      | Mangled by Terence

Illustrated notes

Levels and vault maps discovered:
D:1:      dpeg_arrival_more_subterranean_lakeside_camping, layout_basic
D:2:      layout_loops_ring, basic_altar, serial_aquarium,
          aquarium_bridge_straight [aquarium_subvault_bridge,
          aquarium_subvault_window, aquarium_subvault_bridge,
          aquarium_subvault_wall], aquarium_window_corner, aquarium_window_1,
          aquarium_window_corner, aquarium_view_2f, aquarium_view_2f,
          aquarium_pool_double, uniq_terence, uniq_jessica

Skill      XL: |  1  2 |
---------------+-------+-----
Armour         | 1 |  1.1
Fighting       | 4 |  4.0
Axes           | |  4.8
Dodging        | |  2.4
Stealth        | |  1.5

Action                   || total
-------------------------++-------
Melee: Hand axe          ||    98
       Punch             ||     2
  Use: Scroll            ||     4
Armor: Robe              ||     8
       Chain mail        ||    29
Dodge: Dodged            ||    42

Table legend: (Time is in decaauts)
 A = Elapsed time spent in this place.
 B = Non-inter-level travel time spent in this place.
 C = Inter-level travel time spent in this place.
 D = Time resting spent in this place.
 E = Time spent auto-exploring this place.
 F = Levels seen in this place.
 G = Mean time per level.
                   A        B        C        D        E       F      G
               +--------+--------+--------+--------+--------+-----+--------+
         Total |    699 |    678 |     21 |      0 |    475 |   2 |  349.5 |
       Dungeon |    699 |    678 |     21 |      0 |    475 |   2 |  349.5 |
               +--------+--------+--------+--------+--------+-----+--------+

Top non-repeatable levels by time:
     D:1: 644 daAuts
     D:2: 55 daAuts
